 Dungeon Crawl Stone Soup version 0.28.0-47-ge53b351184 (webtiles) character file.

Game seed: 4290235753959415234

437 L33tCrusader the Ducker (level 6, -2/31 HPs)
             Began as a Felid Berserker on Apr 26, 2022.
             Was a Priest of Trog.
             Slain by an orc
             ... wielding a +0 war axe
              (3 damage)
             ... on level 5 of the Dungeon.
             The game lasted 00:13:58 (5118 turns).

L33tCrusader the Ducker (Felid Berserker)           Turns: 5118, Time: 00:13:59

Health: -2/31      AC:  2    Str: 15    XL:     6   Next: 69%
Magic:  7/7        EV: 20    Int:  8    God:    Trog [***...]
Gold:   156        SH:  0    Dex: 16    Spells: 5/5 levels left
                                        Lives:  0   Deaths: 2

rFire   . . .      SeeInvis +     - Unarmed
rCold   + . .      Faith    .   (shield unavailable)
rNeg    . . .      Spirit   .   (armour unavailable)
rPois   .          Reflect  .   (helmet unavailable)
rElec   .          Harm     .   (cloak unavailable)
rCorr   +          Rampage  .   (gloves unavailable)
Will    .....                   (boots unavailable)
Stlth   ++........              (no amulet)
HPRegen 0.10/turn               d - ring of protection from cold
MPRegen 0.10/turn               k - ring of resist corrosion

@: on berserk cooldown, slowed, slow
A: very small, claws 1, fangs 3, see invisible, speed 1, shaggy fur 2, stealthy
paws, no weapons or thrown items, no armour, multi-lived
a: Renounce Religion, Berserk, Trog's Hand


You were on level 5 of the Dungeon.
You worshipped Trog.
Trog was most pleased with you.
You visited 1 branch of the dungeon, and saw 5 of its levels.
You also visited: Sewer.

You collected 231 gold pieces.
You spent 75 gold pieces at shops.

Inventory:

Jewellery
 d - a ring of protection from cold (left paw)
 f - a ring of fire
 k - a ring of resist corrosion (right paw)
Wands
 j - a wand of digging (6)
Scrolls
 c - 2 scrolls of enchant armour
 g - a scroll of identify
 h - 2 scrolls of teleportation
 i - a scroll of fog
Potions
 a - a potion of curing
 b - 3 potions of haste
 e - 4 potions of mutation {unknown}
 l - a potion of magic {unknown}


   Skills:
 * Level 6.3 Fighting
 + Level 6.5 Dodging
 - Level 3.3 Stealth
 * Level 6.4 Unarmed Combat


You had 5 spell levels left.
You didn't know any spells.
Your spell library was empty.

Dungeon Overview and Level Annotations

Branches:
Dungeon (5/15)              Sewer (visited)
 Temple: D:4-7

Altars:
Vehumet
Wu Jian
Yredelemnul
Zin

Shops:
D:2 [   D:3 [(***

Annotations:
D:3 1 runed translucent door, 101zpm's ghost, amateur DjIE
D:5 Grinder


Innate Abilities, Weirdness & Mutations

You have sharp claws.
You have razor-sharp teeth.
You have supernaturally acute eyesight. (SInv)
You cover ground quickly. (Speed+)
You are covered in thick fur. (AC +2)
Your paws help you pounce on unaware monsters.
You are incapable of wielding weapons or throwing items.
You cannot wear armour.
You gain extra lives every three experience levels.


Message History

The orc hits you with a +0 flail! Grinder misses you.
You scratch Grinder. Your claw misses Grinder.
Grinder is heavily wounded.
The orc misses you. The orc hits you with a +0 flail. Grinder misses you.
You barely miss Grinder.
Grinder is heavily wounded.
A water moccasin skeleton comes into view.
The orc misses you.
Grinder blinks!
The orc hits you with a +0 flail!
You closely miss the orc. You claw the orc!
You kill the orc!
Trog accepts your kill.
You claw the orc!
You kill the orc!
Trog accepts your kill.
Grinder says, "I used to sell toenails on the black market."
Grinder blinks!
You feel a strong urge to attack something.
You are no longer berserk.
You are exhausted.
You feel yourself slow down.
The orc wizard casts a spell.
The orc wizard flickers and vanishes for a moment.
The orc misses you.
You scratch the orc.
The orc is heavily wounded.
The orc completely misses you.
The orc wizard hits you with a +0 dagger.
Grinder gestures at you. You resist with some effort.
You completely miss the orc. Your claw misses the orc.
The orc is heavily wounded.
The orc barely misses you. The orc wizard misses you. Grinder gestures at you.
Pain shoots through your body!
* * * LOW HITPOINT WARNING * * *
You scratch the orc.
You kill the orc!
Trog accepts your kill. The orc hits you with a +0 war axe.
You die...

#..............#
#.......####...#
###....## ...#
#####...## 5..#
#.......(# #...#
#.#####..#
##?..##
#####..####....#
........†..o....#
.##....###))@..##
#...## #ro####
....# #.Z# .#.(.
#...# #./. #....#
..r ......#
##....## #..##


You could see Grinder, an orc wizard (invisible), an orc, a quokka and a water
moccasin skeleton.

Vanquished Creatures
  Sigmund (D:2)
  A phantom (D:4)
  A centaur (D:5)
  Blork the orc (D:5)
  2 scorpions (D:5)
  2 killer bees (D:5)
  A howler monkey (D:3)
  A bullfrog zombie (D:5)
  A jelly (D:4)
  A bullfrog skeleton (D:5)
  A hound (D:5)
  2 iguanas (D:5)
  An orc wizard (D:4)
  A hell rat (Sewer)
  A statue (D:3)
  2 adders
  2 river rats (Sewer)
  2 adder skeletons
  A worm (D:2)
  A dart slug (D:2)
  6 orcs
  6 bats
  2 endoplasms (D:2)
  9 giant cockroaches
  6 goblins
  12 hobgoblins
  4 quokkas
  5 ball pythons
  6 frilled lizards
  7 kobolds
  8 rats
  A spectral goblin (D:3)
98 creatures vanquished.

Notes
Turn   | Place    | Note
-------+----------+-------------------------------------------
     0 | D:1      | L33tCrusader the Felid Berserker began the quest for the
                  | Orb.
     0 | D:1      | Reached XP level 1. HP: 10/10 MP: 2/2
   339 | D:1      | Reached XP level 2. HP: 9/14 MP: 3/3
  1223 | D:1      | Reached XP level 3. HP: 17/17 MP: 4/4
  1514 | D:2      | Reached ** piety under Trog
  1615 | D:2      | Noticed Sigmund
  1624 | D:2      | Killed Sigmund
  1625 | D:2      | Reached skill level 5 in Dodging
  1625 | D:2      | Reached XP level 4. HP: 21/22 MP: 5/5
  1625 | D:2      | Reached XP level 5. HP: 24/25 MP: 6/6
  1847 | D:2      | Found Dycaif Abbeu's Antique Armour Shoppe.
  2294 | D:3      | Found Peggu's General Store.
  2330 | D:3      | Bought a potion of curing for 39 gold pieces
  2331 | D:3      | Found a radiant altar of Vehumet.
  2331 | D:3      | Noticed a frost-covered statue
  2344 | D:3      | Found Uturopan's Weapon Shoppe.
  2382 | D:3      | Killed a frost-covered statue
  2383 | D:3      | Gained mutation: You are covered in thick fur. (AC +2)
                  | [Felid growth]
  2383 | D:3      | Reached XP level 6. HP: 25/30 MP: 7/7
  2456 | D:3      | Found Faosiycye's Armour Boutique.
  2526 | D:3      | Found a faded altar of an unknown god.
  2569 | D:3      | Found a runed translucent door.
  2651 | D:3      | Found Jolimped's Assorted Antiques.
  2772 | D:3      | Found an ornate altar of the Wu Jian Council.
  2816 | D:3      | Found Ruseolog's General Store.
  2824 | D:3      | Bought a scroll of teleportation for 36 gold pieces
  3051 | D:3      | Noticed 101zpm's ghost (amateur DjIE)
  3111 | D:4      | Found a basalt altar of Yredelemnul.
  3118 | D:4      | Identified the +3 hand crossbow of Disintegration {flame,
                  | rF+ Int+3}
  3141 | D:4      | Reached skill level 5 in Fighting
  3141 | D:4      | Reached skill level 5 in Unarmed Combat
  3378 | D:4      | Found a glowing drain.
  3660 | Sewer    | Entered a sewer
  3685 | Sewer    | Reached *** piety under Trog
  3702 | Sewer    | Reached skill level 1 in Stealth
  4059 | D:4      | Identified the +8 kite shield "Gug Itor" {Dex+6}
  4538 | D:5      | Entered Level 5 of the Dungeon
  4550 | D:5      | Noticed Blork the orc
  4556 | D:5      | Reached XP level 7. HP: 33/33 MP: 8/8
  4559 | D:5      | Killed Blork the orc
  4563 | D:5      | Succumbed to Blork the orc's poison
  4564 | D:5      | Reached XP level 6. HP: -1/30 MP: 7/7
  4625 | D:5      | Found a glowing silver altar of Zin.
  4874 | D:5      | Reached XP level 7. HP: 22/34 MP: 8/8
  4878 | D:5      | Slain by a killer bee
  4879 | D:5      | Reached XP level 6. HP: -1/46 MP: 7/7
  5100 | D:5      | Noticed Grinder
  5117 | D:5      | HP: 1/31 [Grinder/nerve-wracking pain (13)]
  5118 | D:5      | Slain by an orc

Illustrated notes

Levels and vault maps discovered:
D:1:      lemuel_arrival_hallway, layout_basic
D:2:      layout_basic, serial_shops, nicolae_shop_statue_plus,
          nrook_mini_vaults, uniq_sigmund
D:3:      layout_loops_ring, nzn_wu_jian_contemplation, vehumet_statue,
          dreamdust_ecumenical_altar_drowned_temple, ebering_ghost_sewer_d,
          serial_shops, shop, shop, shop_fountains, shop, shop,
          serial_bayou_ford_a, minmay_vboxes
D:4:      layout_loops_corners, mainiacjoe_overflow_small_starburst,
          portal_sewer_entry_f
D:5:      layout_basic, grunt_gozag_statues,
          mainiacjoe_overflow_concentric_impassable, hangedman_decor_growths,
          kennysheep_windowed_goal, uniq_duvessa, uniq_grinder,
          uniq_blork_the_orc

Skill      XL: |  1  2  3  4  5  6  7 |
---------------+----------------------+-----
Fighting       | 4 6 |  6.3
Dodging        | 5 6 |  6.5
Unarmed Combat | 4 6 |  6.4
Stealth        | 1 3 |  3.3

Action                   |  1- 3 |  4- 6 |  7- 9 || total
-------------------------+-------+-------+-------++-------
Melee: Unarmed           |    90 |   189 |     7 ||   286
       Bite              |     9 |    16 |       ||    25
       Punch             |     5 |    12 |       ||    17
Invok: Berserk           |     1 |     7 |       ||     8
  Use: Scroll            |     1 |     9 |       ||    10
 Stab: Sleeping          |       |     5 |       ||     5
       Distracted        |       |     1 |       ||     1
Armor: Skin              |     5 |    14 |       ||    19
Dodge: Dodged            |    66 |   129 |     5 ||   200
